 Dungeon Crawl Stone Soup version 0.24.0-1-gfbc8707 (webtiles) character file.

Game seed: 12303964363304529424, levelgen mode: deterministic

15519 Minkie the Basher (level 12, -2/112 HPs)
             Began as a Minotaur Gladiator on Nov 10, 2019.
             Was a High Priest of Trog.
             Slain by a slime creature (7 damage)
             ... on level 14 of the Dungeon.
             The game lasted 00:38:42 (9668 turns).

Minkie the Basher (Minotaur Gladiator)              Turns: 9668, Time: 00:38:47

Health: -2/112     AC: 16    Str: 21    XL:     12   Next: 1%
Magic:  11/12      EV:  9    Int:  5    God:    Trog [*****.]
Gold:   621        SH: 20    Dex: 15    Spells: 11/11 levels left

rFire    + . .     SeeInvis .   m - +2 mace (drain)
rCold    x . .     Gourm    .   e - +2 large shield
rNeg     + . .     Faith    .   s - +3 scale mail
rPois    .         Spirit   .   c - +0 hat
rElec    .         Reflect  .   w - +0 cloak
rCorr    .         Harm     .   O - +0 pair of gloves (curse)
MR       .....                  I - +0 pair of boots
Stlth    ..........             (no amulet)
HPRegen  0.28/turn              b - ring of positive energy
MPRegen  0.13/turn              r - ring of fire

@: berserk cooldown, slowed, very slow
A: retaliatory headbutt, horns 2
a: Berserk, Trog's Hand, Brothers in Arms, Renounce Religion


You were on level 14 of the Dungeon.
You worshipped Trog.
Trog was extremely pleased with you.
You were hungry.

You visited 1 branch of the dungeon, and saw 12 of its levels.

You collected 738 gold pieces.
You spent 117 gold pieces at shops.

Inventory:

Hand Weapons
 g - the cursed +0 hand axe "Maemath" {chop, Dex+7, unknown}
   (You found it on level 6 of the Dungeon)

   It inflicts extra damage upon your enemies.
   It affects your dexterity (+7).
   It has a curse placed upon it.
 m - a +2 mace of draining (weapon)
Missiles
 d - 7 throwing nets (quivered)
Armour
 c - a +0 hat (worn)
 e - a +2 large shield (worn)
 s - a +3 scale mail (worn)
 w - a +0 cloak (worn)
 I - a +0 pair of boots (worn)
 O - a cursed +0 pair of gloves (worn)
Jewellery
 b - a ring of positive energy (left hand)
 r - a ring of fire (right hand)
Wands
 n - a wand of random effects (34)
 x - a wand of digging (6)
 y - a wand of flame (15)
 A - a wand of paralysis (11)
 C - a wand of acid (2)
 H - a wand of disintegration (12)
Scrolls
 h - a scroll of enchant weapon
 i - 9 scrolls of teleportation
 k - 3 scrolls of remove curse
 o - 4 scrolls of identify
 B - a scroll of magic mapping
 E - a scroll of blinking {unknown}
 F - 3 scrolls of fear {unknown}
 G - a scroll of silence {unknown}
 J - 2 scrolls of fog {unknown}
 K - a scroll of acquirement {unknown}
Potions
 a - a potion of mutation {unknown}
 j - a potion of brilliance {unknown}
 l - 2 potions of agility
 p - a potion of cancellation {unknown}
 q - 7 potions of curing
 t - 5 potions of heal wounds
 u - a potion of ambrosia {unknown}
 v - 3 potions of might {unknown}
 z - a potion of lignification {unknown}
 M - 3 potions of magic {unknown}
 N - 2 potions of degeneration
Miscellaneous
 L - a phantom mirror
 P - a lightning rod (4/4)
Comestibles
 f - 32 rations
 D - a chunk of flesh


   Skills:
 + Level 11.9 Fighting
 + Level 12.0 Maces & Flails
 - Level 2.0 Throwing
 + Level 11.3 Armour
 - Level 3.2 Dodging
 + Level 11.5 Shields
 + Level 1.3 Evocations


You had 11 spell levels left.
You didn't know any spells.
Your spell library contained the following spells:

 Spells                   Type           Power        Failure   Level  Hunger
 Animate Skeleton         Necr           N/A          100%        1    ##.....
 Pain                     Necr           #...         100%        1    ##.....
 Regeneration             Chrm/Necr      #.........   100%        3    ####...
 Vampiric Draining        Necr           #.........   100%        3    ####...
 Animate Dead             Necr           N/A          100%        4    #####..


Dungeon Overview and Level Annotations

Branches:
Dungeon (12/15)            Temple (0/1) D:4             Orc (0/2) D:12
   Lair: D:8-11

Altars:
Cheibriados
Elyvilon
Kikubaaqudgha
Nemelex Xobeh
Qazlal
Trog
Vehumet
Wu Jian
The Shining One

Shops:
D:9 !


Innate Abilities, Weirdness & Mutations

You reflexively headbutt those who attack you in melee.
You have a pair of horns on your head.


Message History

The white ugly thing basks in the mutagenic energy from its kin and changes!
The white ugly thing barely misses you. The slime creature hits you!
* * * LOW HITPOINT WARNING * * *
You block the white ugly thing's attack.
A large slime creature splits.
The yaktaur hits you.
* * * LOW HITPOINT WARNING * * *
You hear some strange, mumbled words.
The slime creature hits you.
* * * LOW HITPOINT WARNING * * *
You block the white ugly thing's attack.
You block the slime creature's attack.
The vampire mosquito bites you but does no damage.
You block the white ugly thing's attack.
You sock the slime creature!
You kill the slime creature!
Trog accepts your kill.
You block the vampire mosquito's attack.
You hear some strange, mumbled words.
The slime creature hits you!
You die... #.......# #.....>. #...g... #...... #.g.y# ##gyy§### #..Ocyuh#

#..c(@u{#
#...JJJu#
#....uu{...#
#..........#
##....###..#
#[...# +##
......
.......


You could see 5 ugly things, 3 slime creatures, a two-headed ogre, 2 yaktaurs, 4
vampire mosquitoes, 3 boggarts and a hound.

Vanquished Creatures
  Erolcha (D:10)
  3 two-headed ogres
  2 unseen horrors
  Pikel (D:6)
  An ugly thing (D:9)
  2 manticores (D:12)
  A gargoyle (D:10)
  A kobold demonologist (D:14)
  A yaktaur (D:14)
  A hornet (D:9)
  Prince Ribbit (D:8)
  2 slime creatures (D:14)
  4 hippogriffs
  Sigmund (D:6)
  A wyvern (D:9)
  14 yaks
  Eustachio (D:5)
  A hungry ghost (D:9)
  A vampire mosquito (D:9)
  A water moccasin (D:7)
  Duvessa (D:5)
  4 sky beasts
  4 orc warriors
  A black bear (D:9)
  5 ogres
  A boggart (D:14)
  9 centaurs
  A crocodile (D:9)
  Blork the orc (D:5)
  2 big kobolds
  8 bullfrogs
  Dowan (D:5)
  2 gnoll sergeants
  A wyvern skeleton (D:8)
  5 scorpions
  10 killer bees (D:10)
  3 crimson imps
  A jelly (D:10)
  4 hounds
  9 orc priests
  7 orc wizards
  2 iguanas
  2 bullfrog skeletons
  10 worker ants
  A hound skeleton (D:7)
  A howler monkey zombie (D:8)
  10 gnolls
  10 adders
  3 shadow imps
  3 adder skeletons
  5 worms
  8 leopard geckos
  42 orcs
  2 ball pythons (D:3)
  A bat zombie (D:7)
  9 giant cockroaches
  5 goblins
  6 hobgoblins
  4 jackals
  15 kobolds
  3 quokkas
  5 bats
  10 frilled lizards
  A leopard gecko skeleton (D:4)
  A quokka skeleton (D:7)
  A quokka zombie (D:5)
  8 rats
  A rat zombie (D:7)
290 creatures vanquished.

Vanquished Creatures (others)
  4 plants (D:9)
4 creatures vanquished.

Grand Total: 294 creatures vanquished

Notes
Turn   | Place    | Note
-------+----------+-------------------------------------------
     0 | D:1      | Minkie the Minotaur Gladiator began the quest for the Orb.
     0 | D:1      | Reached XP level 1. HP: 18/18 MP: 0/0
   312 | D:1      | Reached XP level 2. HP: 21/26 MP: 1/1
   507 | D:1      | Reached skill level 1 in Shields
   687 | D:2      | Found a bloodstained altar of Trog.
   688 | D:2      | Found a stormy altar of Qazlal.
   706 | D:2      | Became a worshipper of Trog the Wrathful
   737 | D:2      | Reached skill level 4 in Maces & Flails
   769 | D:2      | Found a bloodstained altar of Trog.
   798 | D:2      | Reached XP level 3. HP: 30/31 MP: 2/2
  1030 | D:2      | Found an ornate altar of the Wu Jian Council.
  1327 | D:3      | Reached * piety under Trog
  1340 | D:3      | Reached skill level 1 in Armour
  1347 | D:3      | Reached XP level 4. HP: 29/40 MP: 3/3
  1391 | D:3      | Reached XP level 5. HP: 25/46 MP: 4/4
  1566 | D:3      | Found a glowing golden altar of the Shining One.
  2156 | D:4      | Found a staircase to the Ecumenical Temple.
  2179 | D:4      | Reached ** piety under Trog
  2239 | D:4      | Reached skill level 5 in Maces & Flails
  2528 | D:4      | Reached XP level 6. HP: 53/53 MP: 5/5
  2764 | D:5      | Entered Level 5 of the Dungeon
  2887 | D:5      | Noticed Eustachio
  2908 | D:5      | Killed Eustachio
  2908 | D:5      | Reached skill level 5 in Fighting
  2966 | D:5      | Noticed Dowan
  2967 | D:5      | Noticed Duvessa
  2983 | D:5      | Killed Duvessa
  2983 | D:5      | Reached XP level 7. HP: 61/61 MP: 6/6
  2986 | D:5      | Killed Dowan
  2986 | D:5      | Reached skill level 6 in Maces & Flails
  3550 | D:5      | Reached skill level 5 in Shields
  3773 | D:5      | Noticed Blork the orc
  3781 | D:5      | Killed Blork the orc
  3902 | D:6      | Got a translucent hand axe
  3969 | D:6      | Reached XP level 8. HP: 71/71 MP: 7/7
  4005 | D:6      | Reached skill level 5 in Armour
  4094 | D:6      | Noticed Pikel
  4106 | D:6      | Killed Pikel
  4106 | D:6      | Reached skill level 7 in Maces & Flails
  4127 | D:6      | Noticed Sigmund
  4135 | D:6      | Killed Sigmund
  4135 | D:6      | Reached *** piety under Trog
  4326 | D:6      | Reached XP level 9. HP: 75/80 MP: 8/8
  4356 | D:6      | Reached skill level 8 in Maces & Flails
  4480 | D:6      | Found a snail-covered altar of Cheibriados.
  4560 | D:7      | Found a white marble altar of Elyvilon.
  4853 | D:7      | Found a radiant altar of Vehumet.
  5165 | D:7      | Received a gift from Trog
  5577 | D:7      | Found an ancient bone altar of Kikubaaqudgha.
  5646 | D:8      | Reached skill level 9 in Maces & Flails
  5728 | D:8      | Noticed a two-headed ogre
  5747 | D:8      | Killed a two-headed ogre
  5747 | D:8      | Reached XP level 10. HP: 91/91 MP: 9/9
  5748 | D:8      | Reached **** piety under Trog
  5950 | D:8      | Noticed a two-headed ogre
  5959 | D:8      | Killed a two-headed ogre
  6119 | D:8      | Noticed Prince Ribbit
  6127 | D:8      | Killed Prince Ribbit
  6447 | D:9      | Reached skill level 10 in Maces & Flails
  6723 | D:9      | Reached skill level 10 in Fighting
  6753 | D:9      | Found Galic Irgh's Distillery.
  6758 | D:9      | Bought a potion of curing for 39 gold pieces
  6758 | D:9      | Bought a potion of heal wounds for 65 gold pieces
  6758 | D:9      | Bought a potion of degeneration for 13 gold pieces
  6970 | D:9      | Noticed a brown ugly thing
  6984 | D:9      | Killed a brown ugly thing
  6984 | D:9      | Reached skill level 10 in Shields
  7300 | D:9      | Reached XP level 11. HP: 99/101 MP: 10/10
  7338 | D:9      | Killed an unseen horror
  7338 | D:9      | Reached skill level 10 in Armour
  7946 | D:10     | Entered Level 10 of the Dungeon
  7976 | D:10     | Reached skill level 11 in Maces & Flails
  8057 | D:10     | Noticed Erolcha
  8068 | D:10     | Killed Erolcha
  8472 | D:10     | Found a radiant altar of Vehumet.
  8529 | D:10     | You fall into a shaft and drop 2 floors!
  8590 | D:12     | Found a sparkling altar of Nemelex Xobeh.
  8611 | D:12     | Killed an unseen horror
  8611 | D:12     | Received a gift from Trog
  8730 | D:12     | Reached ***** piety under Trog
  8933 | D:12     | Noticed a two-headed ogre
  8939 | D:12     | Killed a two-headed ogre
  8995 | D:12     | Found a staircase to the Orcish Mines.
  9641 | D:12     | You fall into a shaft and drop 2 floors!
  9647 | D:14     | Noticed a catoblepas
  9647 | D:14     | Reached skill level 12 in Maces & Flails
  9650 | D:14     | Reached skill level 1 in Evocations
  9654 | D:14     | Noticed a white ugly thing
  9654 | D:14     | Noticed a white ugly thing
  9654 | D:14     | Noticed a white ugly thing
  9654 | D:14     | Noticed a white ugly thing
  9654 | D:14     | Noticed a white ugly thing
  9660 | D:14     | Noticed a two-headed ogre
  9665 | D:14     | Reached XP level 12. HP: 74/112 MP: 11/11
  9667 | D:14     | HP: 5/112 [slime creature (2)]
  9668 | D:14     | Slain by a slime creature

Levels and vault maps discovered:
D:1:      dpeg_arrival_oval, layout_basic, minmay_stone_trees_medium
D:2:      wad_crossroads, layout_rooms, lemuel_doored_altar,
          chequers_temple_overflow_statue_of_worship, trog_butcher_becter
D:3:      layout_rooms, nicolae_tso_swordbearing_angel
D:4:      layout_loops_cross, minmay_temple_entry_large_hall, first_ration
D:5:      layout_cave_pods, uniq_blork_the_orc, uniq_eustachio, uniq_duvessa
D:6:      layout_loops_ring, slow_altar_2, uniq_sigmund, uniq_pikel
D:7:      layout_gridville, elyvilon_altar_5, fiery_altar_vehumet,
          lemuel_zombie_altar_kikubaaqudgha, grunt_ogre_cave,
          grunt_ministairs_1, grunt_decor_mini_mirrors, minmay_crystal_water
D:8:      layout_basic, serial_curves, eino_curves_02, eino_curves_04,
          uniq_prince_ribbit1
D:9:      layout_basic, serial_shops, shop, minmay_shattered_shrine
D:10:     layout_basic, lair_entry_dummy, basic_altar, uniq_erolcha
D:12:     layout_grid_maze, orc_0_dummy, basic_altar
D:14:     layout_gridville, david_vaults_5, gauntlet_entry_generic

Skill      XL: |  1  2  3  4  5  6  7  8  9 10 11 |
---------------+----------------------------------+-----
Fighting       | 3 4 5 6 7 9 10 11 | 11.9
Shields        | 1 2 3 4 5 6 8 10 11 | 11.5
Maces & Flails | 4 5 6 7 9 10 12 | 12.0
Armour         | 1 2 3 4 6 8 9 11 | 11.3
Evocations     | 1 |  1.3
Throwing       | |  2.0
Dodging        | |  3.2

Action                   |  1- 3 |  4- 6 |  7- 9 | 10-12 || total
-------------------------+-------+-------+-------+-------++-------
Melee: Flail             |   111 |   149 |    63 |       ||   323
       Headbutt          |    12 |    21 |    57 |   106 ||   196
       Mace              |       |       |   229 |   468 ||   697
Throw: Throwing net      |       |       |       |     2 ||     2
Invok: Berserk           |       |     2 |     4 |     2 ||     8
  Use: Scroll            |       |       |     7 |     1 ||     8
  Eat: Chunk             |     2 |     6 |    13 |    13 ||    34
       Ration            |       |       |       |     1 ||     1
Armor: Leather armour    |    11 |       |       |       ||    11
       Scale mail        |    10 |    31 |    82 |   174 ||   297
Dodge: Dodged            |    30 |    21 |    49 |    70 ||   170
Block: Large shield      |    82 |   106 |   264 |   439 ||   891
